[Event "Late-Titled-Tuesday-Blitz-June-04-2024"]
[Site "Chess.com"]
[Date "2024.06.04"]
[Round "3"]
[White "FuenfgegenWilly"]
[Black "GoltsevDmitry2000"]
[Result "1-0"]
[WhiteElo "2509"]
[BlackElo "2744"]
[TimeControl "180+1"]
[EndTime "14:29:44 PDT"]
[Termination "FuenfgegenWilly won by checkmate"]

1. e4 e6 2. d4 d5 3. exd5 exd5 4. Nf3 Nf6 5. Bd3 c5 6. O-O Be7 7. dxc5 Bxc5 8. Re1+ Be6 9. Ng5 O-O 10. Nxe6 fxe6 11. Rxe6 Bxf2+ 12. Kxf2 Ne4+ 13. Kg1 Qh4 14. Be3 Nc6 15. Bxe4 dxe4 16. Nc3 Rad8 17. Qe1 Qh5 18. Rxe4 Ne5 19. h3 Rf5 20. Bd4 Nc6 21. Bf2 Rdf8 22. g3 Rxf2 23. Qxf2 Rxf2 24. Kxf2 Qxh3 25. Ne2 h6 26. Rd1 Qf5+ 27. Ke3 Ne5 28. Rdd4 h5 29. Nf4 Ng4+ 30. Kd2 Nf6 31. Re3 Kh7 32. c4 Qa5+ 33. Kc2 Qxa2 34. Ra3 Qxa3 35. bxa3 g5 36. Ne6 Kg6 37. Nd8 Kf5 38. Nxb7 Ne4 39. c5 Nxg3 40. c6 Ke5 41. Rc4 Nf5 42. Rc5+ Ke6 43.
Rxf5 Kxf5 44. c7 h4 45. c8=Q+ Kf4 46. Qh3 a5 47. Nxa5 Ke5 48. Qg4 Kf6 49. Nc4 Kg6 50.
Ne3 h3 51. Qxh3 Kf6 52. Qf5+ Ke7 53. Qxg5+ Kd6 54. Nd1 Kc6 55. Qe5 Kb6 56. Qd5 Ka6 57. Qb3 Ka5 58. Nf2 Ka6 59. Nh1 Ka7 60. Ng3 Ka6 61.
Nh5 Ka5 62. Nf4 Ka6 63. Ng6 Ka7 64. Nh8 Ka6 65. Nf7 Ka5 66. Nd6 Ka6 67. Ne4 Ka7 68. Nd2 Ka6 69. Qb4 Ka7 70. Nb3 Ka6 71.
Na1 Ka7 72. a4 Ka6 73. Kb3 Ka7 74. Ka2 Ka6 75. Kb1 Ka7 76. Kc1 Ka6 77. Kd1 Ka7 78.
Ke1 Ka6 79. Kf1 Ka7 80. Kg1 Ka6 81. Kh1 Ka7 82. Qb5 Ka8 83. Kh2 Ka7 84. Kh3 Ka8 85.
Kh4 Ka7 86. Kh5 Ka8 87. Kh6 Ka7 88. Kh7 Ka8 89. Kh8 Ka7 90. Nc2 Ka8 91. Kg7 Ka7 92. Kf6 Ka8 93. Ke5 Ka7 94. Kd4 Ka8 95. Kc3 Ka7 96.
Kb2 Ka8 97. Ka1 Ka7 98. a5 Ka8 99. Ka2 Ka7 100. Ka3 Ka8 101. Ka4 Ka7 102. Kb4 Ka8 103. Kc4 Ka7 104. Kc5 Ka8 105. Kc6 Ka7 106. Kc7 Ka8 107. Na3 Ka7 108. Nc4 Ka8 109. Nd6 Ka7 110. Nc8+ Ka8 111. Nb6+ Ka7 112. Nd7 Ka8 113. Qa6# 1-0

[Event "Late-Titled-Tuesday-Blitz-June-04-2024"]
[Site "Chess.com"]
[Date "2024.06.04"]
[Round "3"]
[White "Arteler"]
[Black "BashiqChess"]
[Result "0-1"]
[WhiteElo "2234"]
[BlackElo "2476"]
[TimeControl "180+1"]
[EndTime "14:29:56 PDT"]
[Termination "BashiqChess won on time"]

1. Nf3 d5 2. c4 e6 3. d4 a6 4. Nc3 dxc4 5. a4 Nc6 6. Bg5 Be7 7.
Bxe7 Ngxe7 8. e3 Na5 9. Nd2 c5 10. dxc5 Qc7 11. Nxc4 Nxc4 12. Bxc4 Qxc5 13. Be2 O-O 14.
O-O e5 15. Bf3 Rb8 16. Rc1 Qb6 17. Nd5 Nxd5 18. Qxd5 Qxb2 19. Rb1 Qa3 20. Ra1 Qe7 21. Rab1 Rd8 22. Qc4 Be6 23. Qb4 Qxb4 24. Rxb4 b5 25.
Rfb1 Bc4 26. axb5 axb5 27. h3 Rbc8 28. Bb7 Rc7 29. Ba6 Rb8 30. Bxb5 Bxb5 31. Rxb5 Rxb5 32.
Rxb5 f6 33. Kf1 Kf7 34. Ke2 Rc2+ 35. Kf3 Kg6 36. Rb7 h5 37. Kg3 Kh6 38. Rd7 g5 39.
Rd6 Kg6 40. h4 Rc4 41. hxg5 Kxg5 42. Rd8 Rg4+ 43. Kf3 Ra4 44. Rg8+ Kh6 45. Rf8 Kg7 46. Rc8 Rg4 47. Rc7+ Kg6 48. Rc8 Ra4 49. Rg8+ Kh7 50. Rc8 Kg7 51. Rc7+ Kg6 52. Rc8 Ra1 53. Rg8+ Kh7 54.
Rf8 Kg7 55. Rc8 Rh1 56. Rc7+ Kg6 57. Rc8 f5 58. Rg8+ Kh7 59. Rf8 Kg6 60. Rg8+ Kf7 61. Ra8 Rh4 62. Ra7+ Kf6 63. g3 Rg4 64. Ra6+ Kg7 65.
Ra7+ Kh6 66. Ra6+ Kg5 67. Ra8 e4+ 68. Kg2 h4 69. Rg8+ Kh5 70. Rxg4 Kxg4 71. gxh4 Kxh4 72.
Kh2 Kg4 73. Kg2 Kh4 74. Kh2 Kg5 75. Kg3 Kf6 76. Kf4 Ke6 77. Kg5 Ke5 78. Kg6 f4 79. Kg5 f3 80. Kg4 Ke6 0-1

[Event "Late-Titled-Tuesday-Blitz-June-04-2024"]
[Site "Chess.com"]
[Date "2024.06.04"]
[Round "3"]
[White "nabukatnezarr"]
[Black "ural58"]
[Result "0-1"]
[WhiteElo "2574"]
[BlackElo "2433"]
[TimeControl "180+1"]
[EndTime "14:30:01 PDT"]
[Termination "ural58 won by resignation"]

1. b3 e5 2. Bb2 Nc6 3. e3 d5 4. Bb5 Ne7 5. Bxe5 a6 6. Bxc6+ Nxc6 7. Bb2 Qg5 8. Qf3 Bd7 9. Qg3 Qxg3 10. hxg3 O-O-O 11. Nf3 f6 12. d4 Bf5 13. c3 g5 14.
Nbd2 h5 15. Ke2 Re8 16. a4 Ne7 17.
b4 Ng6 18. Nb3 b6 19. a5 Kb7 20. Ra2 Bd7 21. axb6 Bb5+ 22. Kd2 cxb6 23. Nc1 Bc4 24. Ra1 g4 25. Nh4 Nxh4 26. gxh4 g3 27. f4 Rg8 28. Nd3 Rg4 29. Raf1 Re4 30. Rf3 a5 31. bxa5 bxa5 32. Rh3 a4 33. Rfxg3 a3 34. Ba1 Re6 35. Rxg4 hxg4 36.
Rh1 Rb6 37. h5 f5 38. Nc5+ Bxc5 39. dxc5 Rh6 40. e4 dxe4 41. Ke3 Kc6 42. Kd4 Bd3 43. g3 a2 44. Rh2 Bb1 45. Ke5 e3 46. Re2 Kxc5 47. Rxe3 Rxh5 48. Re1 Rh2 49. c4 Rg2 50.
Bd4+ Kxc4 51. Rc1+ Kb3 52. Rc3+ Kb4 53. Re3 Bc2 54.
Bc3+ Kc4 55. Bd4 Be4 56. Rc3+ Kb4 57. Rc8 Kb5 58. Rb8+ Kc6 59. Rc8+ Kb7 60. Rc5 Rd2 61. Ra5 Rd3 62. Rb5+ Kc6 63. Ra5 Kc7 64. Ra7+ Kc6 65. Ra4 Kc7 66. Bc5 Kc6 67. Bd4 Rxg3 68. Rxa2 Kb5 69.
Rb2+ Kc4 70. Ra2 Kb3 71. Ra7 Rf3 72. Bc5 Kc4 73. Bd6 g3 74. Rc7+ Kd3 75. Bb4 Ke2 76. Bc5 Rc3 77. Kd4 Rxc5 78. Kxc5 g2 79. Rg7 Kf2 80. Kd4 g1=Q 81. Rxg1 Kxg1 82. Ke3 Kg2 83. Ke2 Kg3 84. Ke3 Kg4 85. Kf2 Kxf4 86. Ke2 Kg3 87. Kf1 f4 88. Kg1 f3 89. Kf1 Bd3+ 90. Kg1 f2+ 0-1

[Event "Late-Titled-Tuesday-Blitz-June-04-2024"]
[Site "Chess.com"]
[Date "2024.06.04"]
[Round "3"]
[White "RantomOpening"]
[Black "MarceloPlaya"]
[Result "1-0"]
[WhiteElo "2561"]
[BlackElo "2346"]
[TimeControl "180+1"]
[EndTime "14:30:22 PDT"]
[Termination "RantomOpening won on time"]

1. b3 e6 2. Bb2 Nf6 3. g3 d5 4. Bg2 Be7 5. Nf3 O-O 6. O-O c5 7.
d3 Nc6 8. e3 Re8 9. Qe2 Bd6 10.
e4 e5 11. exd5 Nxd5 12. Nbd2 Bg4 13. h3 Bh5 14. g4 Nd4 15. Nxd4 exd4 16. Qf3 Nf4 17.
gxh5 Qg5 18. Ne4 Ne2+ 19. Qxe2 Qf4 20. Rfe1 f5 21. Nf6+ gxf6 22. Qxe8+ Rxe8 23. Rxe8+ Kf7 24. Rae1 Be5 25. R8xe5 fxe5 26. Bc1 Qh4 27. Rxe5 Qxh5 28. Bd5+ Kf8 29. Bf4 Qh4 30. Rxf5+ Ke8 31. Bg5 Qxh3 32.
Be6 Qg4+ 33. Kh2 Qe2 34. Bf7+ Kd7 35. Bd5 Qxc2 36. Bf4 Qxf2+ 37. Kh3 Qf1+ 38. Kg4 Qxd3 39. Rf7+ Ke8 40. Rxb7 Qg6+ 41. Kf3 Qh5+ 42. Ke4 Qg6+ 43. Ke5 Qh5+ 44. Kd6 Qg6+ 45. Be6 Kf8 46. Rb8+ Kg7 47.
Be5+ Kh6 48. Rg8 Qe4 49. Rg4 Qb7 50. Rh4+ Kg5 51. Rh1 Qb8+ 52. Kd5 Qb7+ 53. Kxc5 Qxh1 54. Bxd4 h5 55. b4 h4 56. a4 h3 57. Bd5 Qc1+ 58. Kb5 h2 59. Bxa7 h1=Q 60. Bxh1 Qxh1 61. a5 Qb7+ 62.
Bb6 Qd5+ 63. Bc5 Qb7+ 64. Bb6 Kf5 65. a6 Qd5+ 66. Bc5 Ke6 67. a7 Qb7+ 68. Kc4 Kd7 69. Kd4 Kc8 70. Kc4 Qe4+ 71. Kb5 Kb7 72. Ka4 Qc2+ 73.
Ka3 Qc1+ 74. Kb3 Qd1+ 75. Kc4 Qc2+ 76. Kd4 Qd2+ 77. Kc4 Ka8 78. b5 Qc2+ 79. Kb4 Qb2+ 80. Kc4 Qa2+ 81. Kd4 Qb3 82. b6 Kb7 83. Ke5 Qc4 84.
Bd4 Qb5+ 85. Ke4 Qa6 86. Ke3 Kc6 87. Ke4 Kd6 88. Be3 Ke6 89. Bf4 1-0

[Event "Late-Titled-Tuesday-Blitz-June-04-2024"]
[Site "Chess.com"]
[Date "2024.06.04"]
[Round "3"]
[White "sokidze"]
[Black "N_Mullodzhanov"]
[Result "0-1"]
[WhiteElo "2782"]
[BlackElo "2516"]
[TimeControl "180+1"]
[EndTime "14:30:26 PDT"]
[Termination "N_Mullodzhanov won by resignation"]

1. d4 Nf6 2. Bf4 c5 3. d5 d6 4. Nc3 g6 5. e4 Bg7 6. Bb5+ Bd7 7. a4 O-O 8. Nf3 a6 9. Be2 Nh5 10. Be3 f5 11. exf5 Bxf5 12. O-O Nf6 13. Nd2 b6 14. f4 Bc8 15. Nc4 Nbd7 16. Rb1 Rb8 17. b4 b5 18. axb5 axb5 19. Na5 Bb7 20. bxc5 Qxa5 21. Nxb5 Nxc5 22.
c4 Nfe4 23. Bd4 Ba6 24. Ra1 Qb6 25. Bxg7 Bxb5 26. Qd4 Rf7 27. cxb5 Rxg7 28. Kh1 Nf6 29. f5 Nce4 30. Qxb6 Rxb6 31. fxg6 hxg6 32. Ra8+ Kf7 33. Ra6 Rb8 34. Ra7 Nc3 35. Bc4 Nxb5 36. Ra5 Nc7 37.
h3 Rgg8 38. Be2 Kg7 39. Bf3 Rb4 40. Re1 Kf7 41. Rc1 Nb5 42. Ra6 Nd4 43. Bd1 Nf5 44. Bf3 Rd4 45. Ra5 Nh4 46. Bd1 Rb8 47. Ba4 Rbb4 48.
Bc6 Re4 49. Ra7 Rbc4 50. Rf1 Rcd4 51. Rb1 Nf5 52. Kh2 Ne3 53. Rb2 Nexd5 54. Bb5 Re5 55. Rc2 Rf4 56. Bc4 Rh5 57. Ba2 Rd4 58. Rcc7 Re5 59.
Rcb7 Kg7 60. Bb3 Rb4 61. Bxd5 Nxd5 62. Rd7 Rbe4 63. Rd8 Kf6 64. Rf8+ Ke6 65. Rg8 Kf7 66. Raa8 Nf4 67. Raf8+ Ke6 68. h4 Rh5 69. g3 Re2+ 70.
Kg1 Nh3+ 71. Kf1 Ree5 72. Rxg6+ Kd7 73. Kg2 Ng5 74. hxg5 Rhxg5 75. Rh6 Rd5 76. Rf3 Rd4 77. Kh3 Kc6 78. Re6 Rc5 79. Rxe7 Rd2 80. Re8 d5 81.
Rc8+ Kb5 82. Rb8+ Kc4 83. g4 d4 84. Rd8 Rd3 85. Kh4 Rxf3 86. g5 Rf4+ 87. Kg3 Re4 88. Kf3 Re3+ 89. Kf4 Re1 90. g6 Rf1+ 91. Ke4 Rc7 92.
Rxd4+ Kc3 93. Rd3+ Kc2 94. Rg3 Re7+ 95. Kd5 Rd1+ 96.
Kc6 Rg7 97. Kc5 Kc1 98. Kc4 Rd6 99. Rg1+ Kd2 100. Rg2+ Ke3 101. Rg3+ Kf4 102. Rg1 Rdxg6 103. Rf1+ Ke5 0-1

[Event "Late-Titled-Tuesday-Blitz-June-04-2024"]
[Site "Chess.com"]
[Date "2024.06.04"]
[Round "3"]
[White "aghasiyevkamal"]
[Black "EsmeraldasAnderson03"]
[Result "1/2-1/2"]
[WhiteElo "2615"]
[BlackElo "2443"]
[TimeControl "180+1"]
[EndTime "14:30:28 PDT"]
[Termination "Game drawn by 50-move rule"]

1. e4 c5 2. Nf3 d6 3. Bb5+ Bd7 4. Bxd7+ Qxd7 5. c4 Nf6 6. Nc3 g6 7. d4 cxd4 8. Nxd4 Bg7 9. f3 Nc6 10. Be3 O-O 11. Rc1 a6 12. O-O Nxd4 13. Bxd4 b5 14. cxb5 axb5 15. a3 Rfb8 16. Ne2 b4 17. axb4 Rxb4 18.
Qc2 Rxd4 19. Nxd4 Qa7 20. Rfd1 e5 21. Qc7 exd4 22. Qxa7 Rxa7 23. Rxd4 Ne8 24. Rb4 Ra8 25. Kf2 h5 26. h4 Bf6 27. g3 Kg7 28. Rb7 Ra2 29. Rc2 Bd4+ 30. Ke2 Bc5 31. Kd3 Ra4 32.
Rc4 Rxc4 33. Kxc4 Bf2 34. g4 Bxh4 35. gxh5 gxh5 36. b4 Bf2 37. Kd3 h4 38. Ke2 Bd4 39. Rd7 h3 40. Kf1 Kf6 41. b5 Ke6 42. Rd8 Ke7 43.
Rc8 Kd7 44. Rc4 Bc5 45. e5 Bb6 46. exd6 Nxd6 47. Rh4 Nxb5 48. Rxh3 Nd6 49. Kg2 Ke6 50. Rh8 Bd4 51. Rh6+ f6 52. Kh3 Nf5 53. Rh7 Ne3 54. Rb7 Be5 55. Rb6+ Kf5 56. Rb5 Kf4 57. Kh2 Kxf3+ 58.
Kg1 Bd4 59. Kh2 f5 60. Kh3 f4 61. Rb4 Bc3 62. Ra4 Be1 63. Ra1 Ke2 64. Ra2+ Kf1 65.
Kh2 f3 66. Ra3 Ke2 67. Ra2+ Bd2 68. Ra1 f2 69. Kg3 f1=Q 70. Rxf1 Nxf1+ 71. Kg2 Ne3+ 72. Kg3 Nc2 73. Kg4 Nd4 74. Kg3 Ke3 75. Kg4 Ke4 76.
Kg3 Kf5 77. Kf2 Kf4 78. Kg2 Be1 79. Kh3 Kf3 80. Kh2 Nf5 81. Kh3 Ne3 82. Kh2 Bh4 83. Kh3 Bf2 84. Kh2 Kg4 85. Kh1 Bg3 86. Kg1 Kh3 87. Kh1 Ng4 88. Kg1 Ne3 89. Kh1 Bc7 90. Kg1 Kg3 91. Kh1 Bd6 92. Kg1 Ng4 93.
Kh1 Bc7 94. Kg1 Bb6+ 95. Kh1 Nf2+ 96. Kg1 Ne4+ 97. Kh1 Kf3 98. Kh2 Bf2 99. Kh1 Nd2 100. Kh2 Ke2 101. Kh1 Kf1 102. Kh2 Nf3+ 103. Kh1 Ne1 104. Kh2 Be3 105. Kh1 Nd3 106. Kh2 Nf2 107. Kg3 Ke2 108. Kh2 Kf3 109. Kg1 Ne4+ 110. Kh2 Bd4 111. Kh1 Ng3+ 112. Kh2 Kf2 113. Kh3 Be5 114. Kh2 Bd6 115. Kh3 Ne4 116. Kg4 Ke3 117. Kh3 Kf3 118. Kh4 Kf4 119. Kh3 Kf5 120. Kg2 Kf4 1/2-1/2

[Event "Late-Titled-Tuesday-Blitz-June-04-2024"]
[Site "Chess.com"]
[Date "2024.06.04"]
[Round "4"]
[White "Fore_Man"]
[Black "Heydarli77"]
[Result "0-1"]
[WhiteElo "2222"]
[BlackElo "2461"]
[TimeControl "180+1"]
[EndTime "14:32:36 PDT"]
[Termination "Heydarli77 won by resignation"]

1. Nf3 Nf6 2. d4 d5 3. c4 dxc4 4. Nc3 a6 5. a4 c5 6. e3 cxd4 7. exd4 e6 8. Bxc4 Nc6 9. O-O Be7 10. d5 exd5 11. Nxd5 Nxd5 12. Qxd5 O-O 13. Be3 Bf6 14. Bd4 0-1

[Event "Late-Titled-Tuesday-Blitz-June-04-2024"]
[Site "Chess.com"]
[Date "2024.06.04"]
[Round "4"]
[White "Arteler"]
[Black "maurovargas01"]
[Result "1/2-1/2"]
[WhiteElo "2228"]
[BlackElo "1919"]
[TimeControl "180+1"]
[EndTime "14:33:10 PDT"]
[Termination "Game drawn by repetition"]

1. Nf3 Nc6 2. c4 e5 3. Nc3 f5 4. e4 fxe4 5. Nxe4 Nf6 6. Nxf6+ Qxf6 7. d3 Bc5 8. Bg5 Qg6 9. Be3 Bb4+ 10. Bd2 Bc5 11. Be3 Bb4+ 12. Bd2 Bc5 13. Be3 1/2-1/2

[Event "Late-Titled-Tuesday-Blitz-June-04-2024"]
[Site "Chess.com"]
[Date "2024.06.04"]
[Round "4"]
[White "King_Deded4d5"]
[Black "VirtualCoach"]
[Result "1/2-1/2"]
[WhiteElo "2442"]
[BlackElo "2220"]
[TimeControl "180+1"]
[EndTime "14:33:13 PDT"]
[Termination "Game drawn by repetition"]

1. d4 Nf6 2. Nf3 e6 3. Bf4 c5 4.
e3 Qb6 5. Na3 Qxb2 6. Nb5 Nd5 7.
Rb1 Qxa2 8. Ra1 Qb2 9. Rb1 Qa2 10. Ra1 Qb2 11. Rb1 Qa2 1/2-1/2

[Event "Late-Titled-Tuesday-Blitz-June-04-2024"]
[Site "Chess.com"]
[Date "2024.06.04"]
[Round "4"]
[White "gamboajp"]
[Black "Zampronha1971"]
[Result "1-0"]
[WhiteElo "2093"]
[BlackElo "2415"]
[TimeControl "180+1"]
[EndTime "14:33:22 PDT"]
[Termination "gamboajp won by resignation"]

1. c4 Nf6 2. Nc3 e6 3. e4 d5 4. cxd5 exd5 5. e5 d4 6. exf6 dxc3 7. Bb5+ c6 8. Qe2+ Be6 9. Bc4 cxd2+ 10. Bxd2 Qc8 11.
Bc3 g6 12. Bxe6 fxe6 13. f7+ Kxf7 14. Bxh8 Bb4+ 15. Bc3 Bxc3+ 16. bxc3 Nd7 17. Nf3 Qh8 18. Ng5+ 1-0

[Event "Late-Titled-Tuesday-Blitz-June-04-2024"]
[Site "Chess.com"]
[Date "2024.06.04"]
[Round "4"]
[White "YellowJacek"]
[Black "Umumba_FM"]
[Result "0-1"]
[WhiteElo "2389"]
[BlackElo "2593"]
[TimeControl "180+1"]
[EndTime "14:34:08 PDT"]
[Termination "Umumba_FM won by resignation"]

1. e4 e5 2. Nf3 d6 3. d4 exd4 4. Nxd4 Nf6 5. Nc3 Be7 6. Bf4 O-O 7. Qd2 c6 8. O-O-O b5 9. f3 b4 10. Nce2 c5 11. Nf5 Bxf5 12. exf5 d5 13. g4 d4 14. Ng3 Nd5 15. Ne4 Nd7 16. Kb1 N7b6 17. h4 Na4 18. g5 Nac3+ 19. bxc3 bxc3 20. Qh2 Qb6+ 0-1

[Event "Late-Titled-Tuesday-Blitz-June-04-2024"]
[Site "Chess.com"]
[Date "2024.06.04"]
[Round "4"]
[White "boguszp"]
[Black "Mariia89"]
[Result "0-1"]
[WhiteElo "1981"]
[BlackElo "2244"]
[TimeControl "180+1"]
[EndTime "14:34:15 PDT"]
[Termination "Mariia89 won by resignation"]

1. d4 Nf6 2. Nf3 c5 3. c3 cxd4 4. cxd4 d5 5. Nc3 Bf5 6. Bf4 a6 7. a3 e6 8. e3 Bd6 9. Ne5 Nc6 10. Bd3 Bxd3 11. Qxd3 Bxe5 12. dxe5 Nd7 13. O-O Ndxe5 14. Bxe5 Nxe5 15. Qd4 Qf6 16. e4 Nf3+ 17. gxf3 Qxd4 18.
Rad1 Qf6 19. exd5 O-O 20. Rd3 Qg6+ 0-1

[Event "Late-Titled-Tuesday-Blitz-June-04-2024"]
[Site "Chess.com"]
[Date "2024.06.04"]
[Round "4"]
[White "TheAlienParty"]
[Black "HowTo2Draw"]
[Result "0-1"]
[WhiteElo "2384"]
[BlackElo "2592"]
[TimeControl "180+1"]
[EndTime "14:34:18 PDT"]
[Termination "HowTo2Draw won by checkmate"]

1. c4 e6 2. Nf3 d5 3. e3 Nf6 4. b3 c5 5. Bb2 Nc6 6. cxd5 exd5 7. Be2 Be7 8. h3 O-O 9. d4 cxd4 10. Nxd4 Bb4+ 11.
Nc3 Ne4 12. Qc2 Nxd4 13. exd4 Qa5 14. Rc1 Bf5 15. Bd3 Rac8 16. Bxe4 Bxe4 17. Qd2 Bxg2 18. Rg1 Rfe8+ 19. Kd1 Bf3+ 20. Kc2 Bxc3 21. Bxc3 Qxa2+ 22. Kd3 Be2+ 23. Qxe2 Qxe2# 0-1

[Event "Late-Titled-Tuesday-Blitz-June-04-2024"]
[Site "Chess.com"]
[Date "2024.06.04"]
[Round "4"]
[White "joksijoksi"]
[Black "cristiano78"]
[Result "1-0"]
[WhiteElo "2464"]
[BlackElo "2234"]
[TimeControl "180+1"]
[EndTime "14:34:27 PDT"]
[Termination "joksijoksi won by resignation"]

1. d4 Nf6 2. c4 g6 3. Nc3 Bg7 4. e4 d6 5. h3 O-O 6. Be3 e5 7. d5 Nbd7 8. Nf3 Nc5 9. Nd2 a5 10. g4 h5 11. Be2 hxg4 12. hxg4 Nh7 13. Qc2 f5 14. gxf5 gxf5 15. O-O-O fxe4 16. Ndxe4 Nxe4 17. Nxe4 Bf5 18. Rdg1 Rf7 19. Bd3 Kh8 20. Ng5 1-0

[Event "Late-Titled-Tuesday-Blitz-June-04-2024"]
[Site "Chess.com"]
[Date "2024.06.04"]
[Round "4"]
[White "CrushingKings"]
[Black "jucAxx"]
[Result "1-0"]
[WhiteElo "2619"]
[BlackElo "2311"]
[TimeControl "180+1"]
[EndTime "14:34:39 PDT"]
[Termination "CrushingKings won by resignation"]

1. Nf3 f5 2. g3 d6 3. d4 c6 4.
Bg2 Qc7 5. O-O e5 6. dxe5 dxe5 7. e4 Nf6 8. exf5 Bxf5 9. Re1 Nbd7 10. Nbd2 O-O-O 11. Nc4 Re8 12. b3 Bb4 13. Bd2 Bxd2 14. Qxd2 Rhf8 15.
Nd6+ 1-0

[Event "Late-Titled-Tuesday-Blitz-June-04-2024"]
[Site "Chess.com"]
[Date "2024.06.04"]
[Round "4"]
[White "Attacker_2006"]
[Black "lluiss"]
[Result "0-1"]
[WhiteElo "2506"]
[BlackElo "2217"]
[TimeControl "180+1"]
[EndTime "14:34:39 PDT"]
[Termination "lluiss won by resignation"]

1. e4 c5 2. Nf3 d6 3. Bb5+ Bd7 4.
Bxd7+ Nxd7 5. O-O Ngf6 6. Re1 e6 7. c3 Be7 8. d4 cxd4 9. cxd4 d5 10. e5 Ne4 11. Nc3 Nxc3 12. bxc3 O-O 13. Qb3 Nb6 14. Nd2 Qc7 15. Ba3 Bxa3 16. Qxa3 Rfc8 17. Rac1 Nc4 18. Nxc4 Qxc4 19. Qb3 b6 20. Qxc4 Rxc4 21. Re2 Rac8 22. Rec2 b5 23. a3 Ra4 24. Rb2 a6 25. Kf1 Rxd4 0-1

[Event "Late-Titled-Tuesday-Blitz-June-04-2024"]
[Site "Chess.com"]
[Date "2024.06.04"]
[Round "4"]
[White "Michalczak"]
[Black "CMmauricio"]
[Result "0-1"]
[WhiteElo "2523"]
[BlackElo "2794"]
[TimeControl "180+1"]
[EndTime "14:34:43 PDT"]
[Termination "CMmauricio won by resignation"]

1. e4 e6 2. d4 d5 3. Nc3 Nf6 4. e5 Nfd7 5. Nf3 c5 6. Bg5 Qb6 7. dxc5 Bxc5 8. Qd2 Bb4 9. a3 Bxc3 10. Qxc3 O-O 11.
Be7 Re8 12. Bd6 Nc6 13. Bd3 f6 14. exf6 Nxf6 15. O-O-O Qxf2 16. Rdf1 Qb6 17. Ng5 Qe3+ 18. Qd2 Qxd2+ 19. Kxd2 e5 20. h3 e4 21. Bb5 h6 0-1

[Event "Late-Titled-Tuesday-Blitz-June-04-2024"]
[Site "Chess.com"]
[Date "2024.06.04"]
[Round "4"]
[White "Navyblue1"]
[Black "SameerMujumdar"]
[Result "0-1"]
[WhiteElo "2209"]
[BlackElo "2612"]
[TimeControl "180+1"]
[EndTime "14:34:45 PDT"]
[Termination "SameerMujumdar won by resignation"]

1. d4 Nf6 2. c4 g6 3. Nc3 Bg7 4. e4 d6 5. h3 O-O 6. Be3 e5 7. d5 Na6 8. g4 Nc5 9. Bg2 a5 10. Nge2 c6 11. Ng3 cxd5 12. cxd5 Bd7 13. a4 Qb6 14. Ra2 Qa6 15. Bf1 Qb6 16. Bb5 Bxb5 17. axb5 a4 18. O-O Nfd7 19. Qb3 axb3 0-1

[Event "Late-Titled-Tuesday-Blitz-June-04-2024"]
[Site "Chess.com"]
[Date "2024.06.04"]
[Round "4"]
[White "FairChess_on_YouTube"]
[Black "NCchamp"]
[Result "1-0"]
[WhiteElo "3070"]
[BlackElo "2433"]
[TimeControl "180+1"]
[EndTime "14:34:46 PDT"]
[Termination "FairChess_on_YouTube won by resignation"]

1. Nf3 d5 2. d4 Nf6 3. e3 Bf5 4. c4 c6 5. Nc3 e6 6. Nh4 Bg4 7.
Qb3 Qb6 8. h3 Bh5 9. g4 Bg6 10.
Nxg6 hxg6 11. Bg2 Nbd7 12. g5 Ng8 13. e4 dxc4 14. Qxc4 e5 15. Be3 Bd6 16. O-O-O Qb4 17. Qxb4 Bxb4 18. h4 Ne7 19. Bh3 Bd6 20. Bxd7+ 1-0

[Event "Late-Titled-Tuesday-Blitz-June-04-2024"]
[Site "Chess.com"]
[Date "2024.06.04"]
[Round "4"]
[White "Oleksandr_Bortnyk"]
[Black "bubeliang"]
[Result "1-0"]
[WhiteElo "3039"]
[BlackElo "2849"]
[TimeControl "180+1"]
[EndTime "14:34:54 PDT"]
[Termination "Oleksandr_Bortnyk won by checkmate"]

1. e4 c6 2. Nc3 d5 3. Nf3 g6 4. d3 Bg7 5. Be2 dxe4 6. Nxe4 Nf6 7. O-O O-O 8. Nxf6+ exf6 9. Bf4 Nd7 10. Qd2 Re8 11.
Rfe1 f5 12. c3 Nf6 13. Bh6 Be6 14. h3 Qc7 15. Nd4 Rad8 16. Bf3 Bc8 17. Qg5 Qd6 18. a4 a5 19. h4 Be6 20. h5 c5 21. Bxg7 Kxg7 22. h6+ Kf8 23. Qxf6 cxd4 24. c4 Qf4 25. Rxe6 Qxh6 26. Qh8# 1-0

[Event "Late-Titled-Tuesday-Blitz-June-04-2024"]
[Site "Chess.com"]
[Date "2024.06.04"]
[Round "4"]
[White "Love7Unicorn"]
[Black "Kiborg95"]
[Result "0-1"]
[WhiteElo "2561"]
[BlackElo "2912"]
[TimeControl "180+1"]
[EndTime "14:35:05 PDT"]
[Termination "Kiborg95 won by resignation"]

1. d4 d6 2. c4 e5 3. Nc3 exd4 4. Qxd4 Nf6 5. Qd2 Be6 6. b3 d5 7. cxd5 Nxd5 8. Nxd5 Qxd5 9. Qxd5 Bxd5 10. Bd2 Nc6 11. Nf3 O-O-O 12. O-O-O Ba3+ 13. Kb1 Be4+ 14. Ka1 Nb4 15. Ng5 Bc2 0-1

[Event "Late-Titled-Tuesday-Blitz-June-04-2024"]
[Site "Chess.com"]
[Date "2024.06.04"]
[Round "4"]
[White "jinbojinbo"]
[Black "dropstoneDP"]
[Result "1/2-1/2"]
[WhiteElo "2680"]
[BlackElo "2957"]
[TimeControl "180+1"]
[EndTime "14:35:07 PDT"]
[Termination "Game drawn by repetition"]

1. e4 e5 2. Nf3 Nf6 3. Nxe5 d6 4.
Nf3 Nxe4 5. d4 d5 6. Bd3 Bd6 7. O-O O-O 8. Re1 Re8 9. c4 c6 10. Nc3 Nxc3 11. bxc3 h6 12. cxd5 cxd5 13. Rxe8+ Qxe8 14. Bd2 Nd7 15. Qb3 Nb6 16. Re1 Qd8 17.
a4 Be6 18. Ne5 Rc8 19. a5 Nc4 20. Bxc4 dxc4 21. Qxb7 Qxa5 22. Nxf7 Bxh2+ 23. Kxh2 Qh5+ 24. Kg1 Qxf7 25. Qxf7+ Kxf7 26. Ra1 Rc7 27. Bf4 Rd7 28. Bb8 Rb7 29. Rxa7 Rxa7 30. Bxa7 Bd5 31. f3 g5 32. Kf2 h5 33. g3 Kg6 34. Bb8 Kf5 35. Ke3 Bc6 36.
Bc7 Bd5 37. Bd8 Bc6 38. Bc7 Bd5 39. Bd8 Bc6 40. Bc7 1/2-1/2

[Event "Late-Titled-Tuesday-Blitz-June-04-2024"]
[Site "Chess.com"]
[Date "2024.06.04"]
[Round "4"]
[White "Nf3c5"]
[Black "RebecaJimnz"]
[Result "1-0"]
[WhiteElo "2608"]
[BlackElo "2292"]
[TimeControl "180+1"]
[EndTime "14:35:07 PDT"]
[Termination "Nf3c5 won by checkmate"]

1. d4 d5 2. Nf3 Nf6 3. Bg5 Ne4 4. Bh4 c5 5. e3 Qb6 6. Nc3 Qxb2 7. Nxd5 Nc3 8.
Nxc3 Qxc3+ 9. Nd2 cxd4 10. Bb5+ Bd7 11. Bxd7+ Nxd7 12. O-O dxe3 13. Ne4 Qc6 14. Qf3 e2 15. Qxe2 g6 16. Rad1 Bg7 17. Nd6+ Kf8 18. Qxe7+ Kg8 19. Qxf7# 1-0

[Event "Late-Titled-Tuesday-Blitz-June-04-2024"]
[Site "Chess.com"]
[Date "2024.06.04"]
[Round "4"]
[White "Tunahan_Makaraci"]
[Black "KVAIDAN"]
[Result "1-0"]
[WhiteElo "2572"]
[BlackElo "2348"]
[TimeControl "180+1"]
[EndTime "14:35:15 PDT"]
[Termination "Tunahan_Makaraci won by checkmate"]

1. e4 e5 2. Nc3 Nf6 3. f4 d5 4. fxe5 Nxe4 5. Qf3 Nxc3 6. dxc3 Be7 7. Bf4 O-O 8. O-O-O Be6 9. Bd3 c5 10. h4 c4 11. Bxc4 Qa5 12. Bb3 Nc6 13. Qg3 Rfc8 14. Nf3 d4 15. Nxd4 Nxd4 16. Rxd4 Bxb3 17. cxb3 Qxa2 18.
Kc2 a5 19. Ra4 Qxa4 20. bxa4 b5 21. axb5 a4 22. Rd1 a3 23. bxa3 Rxa3 24. Rd7 Bb4 25. Bd2 Bf8 26. b6 Ra6 27. Qf3 Rxb6 28. Qxf7+ Kh8 29.
e6 Ra8 30. Bh6 Ra2+ 31. Kd3 Rxg2 32. Qxf8# 1-0

[Event "Late-Titled-Tuesday-Blitz-June-04-2024"]
[Site "Chess.com"]
[Date "2024.06.04"]
[Round "4"]
[White "yaguigor"]
[Black "Heliosis11"]
[Result "1-0"]
[WhiteElo "2614"]
[BlackElo "2404"]
[TimeControl "180+1"]
[EndTime "14:35:20 PDT"]
[Termination "yaguigor won by resignation"]

1. Nf3 c5 2. e4 e6 3. d4 cxd4 4. Nxd4 Nc6 5. Nc3 Qc7 6. Be3 a6 7. Qd2 Nf6 8. f4 Bb4 9. Bd3 b5 10. a3 Be7 11. e5 Ng4 12. Nxc6 dxc6 13. Ne4 Nxe3 14. Qxe3 Bb7 15. O-O-O Rd8 16. Be2 c5 17. Rxd8+ Qxd8 18. Rd1 Qb6 19. Nd6+ Bxd6 20. Rxd6 Qc7 21. Bf3 Kf8 22. Bxb7 1-0

[Event "Late-Titled-Tuesday-Blitz-June-04-2024"]
[Site "Chess.com"]
[Date "2024.06.04"]
[Round "4"]
[White "enestnrvrd"]
[Black "TheoSlade"]
[Result "1-0"]
[WhiteElo "2667"]
[BlackElo "2456"]
[TimeControl "180+1"]
[EndTime "14:35:25 PDT"]
[Termination "enestnrvrd won by checkmate"]

1. e4 e5 2. Bc4 Nf6 3. Nc3 Bc5 4. d3 c6 5. Nf3 d6 6. h3 O-O 7. a3 Bb6 8. Ba2 Nbd7 9. g4 Re8 10. g5 Nh5 11.
Nxe5 Rxe5 12. Qxh5 g6 13. Qe2 d5 14. f4 Re8 15. h4 dxe4 16. Nxe4 Kf8 17. h5 f5 18. hxg6 hxg6 19. Rh8+ Kg7 20. Rh7+ Kxh7 21. Qh2+ Kg7 22.
Qh6# 1-0